2740 views
Uploaded 2023-01-22 00:58:04
Game version 1.35 (6115)
38:10 long 4on4 ladder game on (12)chimney isles s3
Saved by GIGA
2740 views
Uploaded 2023-01-22 00:58:04
Game version 1.35 (6115)
38:10 long 4on4 ladder game on (12)chimney isles s3


258 units @ 40.4k
/ 5.9k
117 buildings @ 16.3k
/ 7.6k



| Scroll of Healing | 1 | 250 |
| Scroll of Town Portal | 3 | 1050 |
| Scourge Bone Chimes | 1 | 400 |
| Sobi Mask | 1 | 400 |
| total: | 6 | 2100g |
| Peasant | 20 | 1500 | / | 0 |
| Footman | 6 | 810 | / | 0 |
| Sorceress | 9 | 1395 | / | 180 |
| Priest | 6 | 810 | / | 60 |
| Knight | 8 | 1960 | / | 480 |
| Rifleman | 3 | 615 | / | 90 |
| total: | 52 | 7090g | / | 810w |
| Scout Tower | 15 | 450 | / | 300 |
| Guard Tower | 3 | 210 | / | 150 |
| Altar of Kings | 1 | 180 | / | 50 |
| Farm | 16 | 1280 | / | 320 |
| Barracks | 2 | 320 | / | 120 |
| Lumber Mill | 2 | 240 | / | 0 |
| Town Hall | 1 | 385 | / | 205 |
| Arcane Vault | 1 | 130 | / | 30 |
| Blacksmith | 1 | 140 | / | 60 |
| Arcane Sanctum | 2 | 300 | / | 280 |
| Keep | 1 | 320 | / | 210 |
| Castle | 1 | 360 | / | 210 |
| total: | 41 | 3425g | / | 1365w |
| 0:03 | Peasant |
| 0:03 | Peasant |
| 0:05 | Altar of Kings |
| 0:07 | Farm |
| 0:08 | Farm |
| 0:18 | Peasant |
| 0:56 | Barracks |
| 0:57 | Peasant |
| 0:57 | Peasant |
| 1:16 | Peasant |
| 1:35 | Peasant |
| 1:40 | Peasant |
| 1:45 | Farm |
| 2:00 | Footman |
| 2:00 | Footman |
| 2:09 | Footman |
| 2:12 | Summon Water Elemental |
| 2:34 | Keep |
| 3:26 | Footman |
| 3:28 | Farm |
| 4:20 | Brilliance Aura |
| 4:49 | Footman |
| 4:49 | Footman |
| 4:56 | Arcane Sanctum |
| 4:59 | Arcane Sanctum |
| 5:02 | Lumber Mill |
| 5:03 | Castle |
| 5:33 | Devotion Aura |
| 6:19 | Farm |
| 6:21 | Sorceress |
| 6:25 | Sorceress Adept Training |
| 6:32 | Summon Water Elemental |
| 6:57 | Sorceress |
| 6:57 | Sorceress |
| 7:03 | Farm |
| 7:04 | Farm |
| 7:39 | Sorceress |
| 7:41 | Sorceress Master Training |
| 7:45 | Farm |
| 8:00 | Scourge Bone Chimes |
| 8:20 | Town Hall |
| 8:28 | Scroll of Healing |
| 8:31 | Storm Bolt |
| 8:47 | Priest |
| 9:27 | Priest |
| 9:31 | Improved Masonry |
| 9:43 | Arcane Vault |
| 9:46 | Blacksmith |
| 10:05 | Bash |
| 10:36 | Peasant |
| 10:36 | Peasant |
| 10:38 | Peasant |
| 10:52 | Sobi Mask |
| 11:00 | Brilliance Aura |
| 11:13 | Knight |
| 11:13 | Knight |
| 11:16 | Iron Forged Swords |
| 11:17 | Farm |
| 12:21 | Knight |
| 12:22 | Sorceress |
| 12:23 | Priest |
| 12:29 | Peasant |
| 12:29 | Peasant |
| 12:29 | Peasant |
| 12:39 | Thunder Clap |
| 13:26 | Sorceress |
| 13:26 | Sorceress |
| 13:40 | Holy Light |
| 14:37 | Knight |
| 14:37 | Knight |
| 14:38 | Sorceress |
| 15:08 | Scout Tower |
| 15:09 | Scout Tower |
| 15:10 | Scout Tower |
| 15:12 | Scout Tower |
| 15:14 | Peasant |
| 15:15 | Peasant |
| 15:30 | Lumber Mill |
| 15:49 | Peasant |
| 15:49 | Peasant |
| 15:52 | Scout Tower |
| 16:41 | Guard Tower |
| 17:04 | Scout Tower |
| 17:05 | Scout Tower |
| 17:06 | Scout Tower |
| 17:11 | Knight |
| 17:11 | Knight |
| 17:33 | Barracks |
| 17:36 | Guard Tower |
| 18:24 | Black Gunpowder |
| 18:25 | Priest Adept Training |
| 18:49 | Thunder Clap |
| 18:52 | Devotion Aura |
| 19:08 | Farm |
| 19:09 | Farm |
| 19:11 | Farm |
| 19:14 | Rifleman |
| 19:17 | Iron Plating |
| 19:37 | Guard Tower |
| 19:39 | Scout Tower |
| 19:40 | Scout Tower |
| 19:40 | Scout Tower |
| 19:41 | Scout Tower |
| 19:41 | Scout Tower |
| 19:41 | Scout Tower |
| 19:41 | Scout Tower |
| 19:43 | Peasant |
| 19:43 | Peasant |
| 20:36 | Summon Water Elemental |
| 20:56 | Rifleman |
| 20:56 | Rifleman |
| 20:57 | Knight |
| 21:01 | Sorceress |
| 21:01 | Priest |
| 22:31 | Farm |
| 22:47 | Scroll of Town Portal |
| 24:08 | Farm |
| 24:09 | Farm |
| 24:09 | Farm |
| 24:42 | Advanced Masonry |
| 24:58 | Scroll of Town Portal |
| 24:59 | Scroll of Town Portal |
| 27:12 | Storm Bolt |
| 28:03 | Priest |
| 28:15 | Priest |
| 29:37 | Holy Light |
| 35:06 | Mass Teleport |
| Right click | 1996 |
| Select group | 1096 |
| Select | 735 |
| Chat | 483 |
| Misc. action | 193 |
| Build/train/purchase | 132 |
| Assign group | 62 |
| Resource trade | 58 |
| Use ability | 44 |
| Minimap ping | 38 |
| Esc | 3 |
| Item give/drop | 2 |
| Remove unit | 2 |

| Orb of Venom | 1 | 325 |
| Potion of Healing | 1 | 150 |
| Scroll of Town Portal | 2 | 700 |
| Scroll of Healing | 1 | 250 |
| Potion of Lesser Invulnerability | 1 | 150 |
| total: | 6 | 1575g |
| Wisp | 23 | 1380 | / | 0 |
| Huntress | 5 | 975 | / | 100 |
| Hippogryph | 35 | 5600 | / | 700 |
| Chimaera | 11 | 3630 | / | 770 |
| Red Dragon Whelp | 1 | 215 | / | 20 |
| Red Drake | 1 | 365 | / | 80 |
| Red Dragon | 1 | 745 | / | 200 |
| total: | 77 | 12910g | / | 1870w |
| Ancient Protector | 6 | 810 | / | 480 |
| Altar of Elders | 1 | 180 | / | 50 |
| Moon Well | 7 | 1260 | / | 280 |
| Hunter's Hall | 1 | 210 | / | 100 |
| Ancient of War | 1 | 150 | / | 60 |
| Tree of Life | 1 | 340 | / | 185 |
| Ancient of Wonders | 2 | 180 | / | 60 |
| Ancient of Wind | 2 | 300 | / | 280 |
| Chimaera Roost | 2 | 280 | / | 380 |
| Tree of Ages | 1 | 320 | / | 180 |
| Tree of Eternity | 1 | 330 | / | 200 |
| total: | 23 | 3710g | / | 1875w |
| 0:04 | Wisp |
| 0:04 | Wisp |
| 0:10 | Altar of Elders |
| 0:21 | Moon Well |
| 0:34 | Wisp |
| 0:37 | Wisp |
| 0:43 | Wisp |
| 0:50 | Wisp |
| 0:59 | Wisp |
| 1:10 | Wisp |
| 1:18 | Wisp |
| 1:33 | Hunter's Hall |
| 1:36 | Wisp |
| 1:49 | Ancient of War |
| 1:52 | Wisp |
| 2:00 | Moon Well |
| 2:18 | Searing Arrows |
| 2:53 | Moon Well |
| 2:54 | Huntress |
| 3:08 | Tree of Ages |
| 3:29 | Huntress |
| 3:53 | Huntress |
| 4:11 | Trueshot Aura |
| 4:24 | Huntress |
| 4:56 | Strength of the Wild |
| 5:13 | Huntress |
| 5:15 | Moon Well |
| 5:38 | Tree of Eternity |
| 5:51 | Moon Well |
| 6:24 | Ancient Protector |
| 6:27 | Ancient Protector |
| 6:32 | Ancient Protector |
| 7:47 | Trueshot Aura |
| 8:34 | Ancient of Wind |
| 8:41 | Chimaera Roost |
| 9:42 | Improved Strength of the Wild |
| 10:04 | Scroll of Town Portal |
| 10:04 | Potion of Lesser Invulnerability |
| 10:05 | Scroll of Healing |
| 10:10 | Hippogryph |
| 10:10 | Hippogryph |
| 10:11 | Chimaera |
| 10:32 | Searing Arrows |
| 10:52 | Hippogryph |
| 11:10 | Wisp |
| 11:10 | Wisp |
| 11:15 | Moon Well |
| 11:51 | Hippogryph |
| 11:59 | Corrosive Breath |
| 12:03 | Hippogryph |
| 12:03 | Hippogryph |
| 12:33 | Hippogryph |
| 13:18 | Advanced Strength of the Wild |
| 13:23 | Tree of Life |
| 13:27 | Wisp |
| 13:27 | Wisp |
| 13:27 | Wisp |
| 13:34 | Hippogryph |
| 14:03 | Hippogryph |
| 14:36 | Hippogryph |
| 14:36 | Hippogryph |
| 14:44 | Chimaera |
| 14:47 | Reinforced Hides |
| 15:34 | Chimaera |
| 15:44 | Wisp |
| 15:44 | Wisp |
| 16:47 | Hippogryph |
| 16:47 | Hippogryph |
| 16:48 | Chimaera |
| 17:21 | Improved Reinforced Hides |
| 17:22 | Chimaera |
| 17:25 | Chimaera Roost |
| 18:27 | Hippogryph |
| 18:27 | Hippogryph |
| 18:27 | Hippogryph |
| 18:52 | Chimaera |
| 18:55 | Ancient of Wind |
| 19:09 | Advanced Reinforced Hides |
| 19:15 | Ancient of Wonders |
| 19:20 | Hippogryph |
| 19:24 | Ancient of Wonders |
| 20:05 | Wisp |
| 20:05 | Wisp |
| 20:05 | Wisp |
| 20:11 | Chimaera |
| 20:12 | Hippogryph |
| 20:25 | Orb of Venom |
| 20:27 | Scroll of Town Portal |
| 20:29 | Potion of Healing |
| 20:51 | Ancient Protector |
| 21:09 | Hippogryph |
| 21:09 | Hippogryph |
| 21:17 | Ancient Protector |
| 21:25 | Ancient Protector |
| 21:37 | Chimaera |
| 22:21 | Hippogryph |
| 22:43 | Hippogryph |
| 23:05 | Wisp |
| 23:06 | Wisp |
| 23:08 | Moon Well |
| 23:38 | Trueshot Aura |
| 23:53 | Red Dragon Whelp |
| 23:54 | Red Drake |
| 24:22 | Hippogryph |
| 25:02 | Hippogryph |
| 25:35 | Hippogryph |
| 26:29 | Hippogryph |
| 26:39 | Starfall |
| 27:23 | Hippogryph |
| 27:43 | Hippogryph |
| 28:06 | Hippogryph |
| 28:34 | Hippogryph |
| 30:21 | Hippogryph |
| 30:24 | Chimaera |
| 30:52 | Hippogryph |
| 31:47 | Hippogryph |
| 31:56 | Chimaera |
| 32:31 | Hippogryph |
| 33:59 | Hippogryph |
| 36:09 | Chimaera |
| 37:49 | Red Dragon |
| Right click | 1399 |
| Select group | 699 |
| Select | 542 |
| Chat | 151 |
| Build/train/purchase | 115 |
| Assign group | 56 |
| Resource trade | 36 |
| Minimap ping | 10 |
| Use ability | 9 |

| Anti-magic Potion | 4 | 400 |
| Moonstone | 1 | 50 |
| Scroll of Town Portal | 5 | 1750 |
| Scroll of Regeneration | 2 | 200 |
| total: | 12 | 2400g |
| Wisp | 14 | 840 | / | 0 |
| Chimaera | 11 | 3630 | / | 770 |
| total: | 25 | 4470g | / | 770w |
| Altar of Elders | 2 | 360 | / | 100 |
| Moon Well | 11 | 1980 | / | 440 |
| Hunter's Hall | 1 | 210 | / | 100 |
| Ancient of Wonders | 1 | 90 | / | 30 |
| Tree of Life | 1 | 340 | / | 185 |
| Chimaera Roost | 8 | 1120 | / | 1520 |
| Tree of Ages | 2 | 640 | / | 360 |
| Tree of Eternity | 2 | 660 | / | 400 |
| total: | 24 | 4100g | / | 2375w |
| 0:06 | Wisp |
| 0:06 | Wisp |
| 0:13 | Altar of Elders |
| 0:19 | Moon Well |
| 0:20 | Moon Well |
| 0:21 | Moon Well |
| 0:22 | Moon Well |
| 0:24 | Moon Well |
| 0:25 | Moon Well |
| 0:29 | Moon Well |
| 0:29 | Moon Well |
| 0:30 | Moon Well |
| 0:32 | Moon Well |
| 0:32 | Moon Well |
| 0:34 | Wisp |
| 0:34 | Wisp |
| 0:44 | Wisp |
| 0:44 | Wisp |
| 0:46 | Wisp |
| 1:08 | Wisp |
| 1:20 | Wisp |
| 1:24 | Wisp |
| 1:24 | Wisp |
| 1:25 | Wisp |
| 2:19 | Searing Arrows |
| 2:27 | Tree of Ages |
| 3:41 | Hunter's Hall |
| 3:45 | Ancient of Wonders |
| 4:21 | Trueshot Aura |
| 4:52 | Tree of Eternity |
| 6:30 | Trueshot Aura |
| 6:32 | Strength of the Wild |
| 7:20 | Chimaera Roost |
| 7:23 | Chimaera Roost |
| 7:26 | Chimaera Roost |
| 7:37 | Chimaera Roost |
| 8:16 | Improved Strength of the Wild |
| 8:41 | Scroll of Town Portal |
| 8:41 | Anti-magic Potion |
| 8:45 | Chimaera Roost |
| 8:48 | Chimaera Roost |
| 8:57 | Wisp |
| 8:57 | Wisp |
| 9:06 | Chimaera Roost |
| 9:32 | Advanced Strength of the Wild |
| 9:41 | Moonstone |
| 9:48 | Chimaera |
| 9:53 | Chimaera |
| 10:11 | Chimaera |
| 10:20 | Chimaera |
| 10:33 | Chimaera |
| 10:45 | Chimaera |
| 10:53 | Chimaera |
| 11:27 | Chimaera |
| 12:07 | Searing Arrows |
| 12:27 | Chimaera |
| 12:42 | Chimaera |
| 13:29 | Chimaera |
| 13:38 | Anti-magic Potion |
| 13:51 | Corrosive Breath |
| 13:53 | Reinforced Hides |
| 13:58 | Scroll of Town Portal |
| 14:38 | Trueshot Aura |
| 14:49 | Scroll of Regeneration |
| 15:35 | Tree of Life |
| 17:46 | Tree of Ages |
| 18:28 | Starfall |
| 19:23 | Searing Arrows |
| 19:36 | Scroll of Town Portal |
| 19:37 | Scroll of Regeneration |
| 20:10 | Altar of Elders |
| 21:19 | Tree of Eternity |
| 23:40 | Chimaera Roost |
| 27:37 | Scroll of Town Portal |
| 28:38 | Scroll of Town Portal |
| 28:38 | Anti-magic Potion |
| 30:33 | Anti-magic Potion |
| 34:15 | Scout |
| Right click | 1045 |
| Chat | 713 |
| Select | 329 |
| Select group | 115 |
| Minimap ping | 83 |
| Build/train/purchase | 78 |
| Assign group | 27 |
| Use ability | 20 |
| Resource trade | 17 |
| Item give/drop | 7 |
| Misc. action | 3 |
| Remove unit | 2 |
| Rod of Necromancy | 2 | 300 |
| Scroll of Town Portal | 3 | 1050 |
| Scroll of Healing | 3 | 750 |
| total: | 8 | 2100g |
| Acolyte | 50 | 3750 | / | 0 |
| Ghoul | 19 | 2280 | / | 0 |
| Crypt Fiend | 4 | 860 | / | 160 |
| Obsidian Statue | 9 | 1800 | / | 315 |
| Necromancer | 8 | 1160 | / | 160 |
| Frost Wyrm | 12 | 4620 | / | 1440 |
| Red Dragon | 2 | 1490 | / | 400 |
| total: | 104 | 15960g | / | 2475w |
| Spirit Tower | 6 | 870 | / | 240 |
| Crypt | 1 | 200 | / | 50 |
| Altar of Darkness | 2 | 360 | / | 100 |
| Ziggurat | 7 | 1050 | / | 350 |
| Tomb of Relics | 3 | 390 | / | 90 |
| Graveyard | 1 | 215 | / | 0 |
| Necropolis | 7 | 1575 | / | 0 |
| Slaughterhouse | 1 | 140 | / | 135 |
| Temple of the Damned | 3 | 465 | / | 420 |
| Boneyard | 4 | 700 | / | 800 |
| Halls of the Dead | 2 | 640 | / | 420 |
| Black Citadel | 2 | 650 | / | 460 |
| total: | 29 | 5095g | / | 1945w |
| 0:02 | Acolyte |
| 0:02 | Acolyte |
| 0:08 | Crypt |
| 0:11 | Altar of Darkness |
| 0:17 | Acolyte |
| 0:33 | Ziggurat |
| 0:56 | Ziggurat |
| 1:10 | Ghoul |
| 1:10 | Ghoul |
| 1:16 | Tomb of Relics |
| 1:28 | Ghoul |
| 1:28 | Ghoul |
| 1:28 | Ghoul |
| 1:28 | Ghoul |
| 1:28 | Ghoul |
| 1:28 | Ghoul |
| 1:46 | Ghoul |
| 1:58 | Ghoul |
| 2:00 | Acolyte |
| 2:01 | Acolyte |
| 2:22 | Rod of Necromancy |
| 2:26 | Death Coil |
| 2:28 | Ghoul |
| 2:44 | Ghoul |
| 2:55 | Ghoul |
| 3:05 | Ghoul |
| 4:03 | Acolyte |
| 4:03 | Acolyte |
| 4:03 | Acolyte |
| 4:07 | Halls of the Dead |
| 4:14 | Holy Light |
| 4:20 | Unholy Aura |
| 4:44 | Graveyard |
| 5:26 | Ziggurat |
| 5:34 | Necropolis |
| 6:08 | Crypt Fiend |
| 6:10 | Necropolis |
| 6:26 | Crypt Fiend |
| 6:28 | Acolyte |
| 6:28 | Acolyte |
| 6:28 | Acolyte |
| 6:37 | Death Coil |
| 6:58 | Acolyte |
| 7:15 | Acolyte |
| 7:16 | Acolyte |
| 7:26 | Acolyte |
| 7:46 | Black Citadel |
| 7:50 | Holy Light |
| 7:58 | Frost Nova |
| 8:07 | Rod of Necromancy |
| 8:07 | Scroll of Town Portal |
| 8:10 | Acolyte |
| 8:10 | Acolyte |
| 8:27 | Acolyte |
| 8:31 | Acolyte |
| 8:31 | Acolyte |
| 8:37 | Slaughterhouse |
| 8:47 | Acolyte |
| 9:21 | Acolyte |
| 9:21 | Acolyte |
| 9:30 | Acolyte |
| 9:31 | Acolyte |
| 9:32 | Acolyte |
| 9:35 | Temple of the Damned |
| 9:37 | Temple of the Damned |
| 10:02 | Obsidian Statue |
| 10:02 | Obsidian Statue |
| 10:15 | Acolyte |
| 10:15 | Acolyte |
| 10:16 | Crypt Fiend |
| 10:17 | Obsidian Statue |
| 10:19 | Boneyard |
| 10:20 | Boneyard |
| 10:21 | Boneyard |
| 10:41 | Boneyard |
| 11:02 | Necropolis |
| 11:07 | Necromancer |
| 11:08 | Necromancer Adept Training |
| 11:16 | Acolyte |
| 11:36 | Ziggurat |
| 11:37 | Ziggurat |
| 11:37 | Ziggurat |
| 11:58 | Ziggurat |
| 12:01 | Creature Attack |
| 12:02 | Ghoul |
| 12:02 | Ghoul |
| 12:19 | Acolyte |
| 12:26 | Dark Ritual |
| 12:34 | Frost Wyrm |
| 13:09 | Acolyte |
| 13:20 | Destroyer Form |
| 13:22 | Frost Wyrm |
| 13:51 | Devotion Aura |
| 13:55 | Crypt Fiend |
| 13:55 | Web |
| 13:58 | Unholy Aura |
| 14:28 | Spirit Tower |
| 14:36 | Spirit Tower |
| 15:14 | Frost Nova |
| 15:29 | Frost Wyrm |
| 15:53 | Necromancer |
| 16:01 | Necropolis |
| 17:10 | Necromancer |
| 17:18 | Creature Carapace |
| 17:41 | Necromancer |
| 18:11 | Acolyte |
| 18:12 | Acolyte |
| 18:12 | Acolyte |
| 18:13 | Acolyte |
| 18:14 | Acolyte |
| 18:14 | Acolyte |
| 18:43 | Frost Wyrm |
| 18:49 | Tomb of Relics |
| 19:30 | Frost Wyrm |
| 19:37 | Red Dragon |
| 19:37 | Red Dragon |
| 19:45 | Spirit Tower |
| 19:50 | Necropolis |
| 19:55 | Necropolis |
| 20:38 | Holy Light |
| 20:52 | Frost Wyrm |
| 21:04 | Death Coil |
| 21:25 | Acolyte |
| 21:25 | Acolyte |
| 21:25 | Acolyte |
| 21:29 | Necropolis |
| 21:40 | Dark Ritual |
| 22:19 | Halls of the Dead |
| 22:50 | Obsidian Statue |
| 23:09 | Acolyte |
| 23:09 | Acolyte |
| 23:09 | Acolyte |
| 23:12 | Acolyte |
| 23:12 | Acolyte |
| 23:12 | Acolyte |
| 23:25 | Necromancer |
| 23:25 | Necromancer |
| 23:31 | Obsidian Statue |
| 23:31 | Obsidian Statue |
| 23:49 | Acolyte |
| 23:52 | Acolyte |
| 23:57 | Acolyte |
| 24:01 | Scroll of Town Portal |
| 24:10 | Scroll of Healing |
| 24:15 | Scroll of Healing |
| 24:15 | Scroll of Healing |
| 24:48 | Improved Creature Carapace |
| 27:00 | Frost Wyrm |
| 27:19 | Tomb of Relics |
| 27:21 | Ghoul |
| 27:21 | Ghoul |
| 27:21 | Ghoul |
| 27:23 | Obsidian Statue |
| 27:24 | Necromancer |
| 27:56 | Scroll of Town Portal |
| 27:59 | Unholy Aura |
| 28:03 | Obsidian Statue |
| 28:22 | Frost Nova |
| 28:33 | Frost Wyrm |
| 28:34 | Frost Wyrm |
| 28:37 | Necromancer |
| 29:40 | Improved Creature Attack |
| 29:40 | Frost Wyrm |
| 30:18 | Acolyte |
| 30:23 | Frost Wyrm |
| 30:48 | Frost Wyrm |
| 35:19 | Death Pact |
| 35:52 | Altar of Darkness |
| 36:08 | Devotion Aura |
| 36:50 | Death and Decay |
| 37:02 | Black Citadel |
| 37:05 | Temple of the Damned |
| 37:08 | Obsidian Statue |
| Right click | 1876 |
| Select | 1644 |
| Select group | 1480 |
| Misc. action | 457 |
| Chat | 225 |
| Build/train/purchase | 220 |
| Use ability | 212 |
| Assign group | 78 |
| Resource trade | 32 |
| Minimap ping | 12 |
| Esc | 10 |
| Item give/drop | 5 |
308 units @ 45.4k
/ 7.2k
120 buildings @ 21k
/ 9.6k



| Scroll of Regeneration | 4 | 400 |
| Potion of Healing | 1 | 150 |
| Staff of Sanctuary | 3 | 750 |
| Orb of Fire | 1 | 325 |
| Scroll of Town Portal | 7 | 2450 |
| Scroll of Healing | 1 | 250 |
| Boots of Speed | 1 | 250 |
| Periapt of Vitality | 1 | 325 |
| Potion of Lesser Invulnerability | 1 | 150 |
| total: | 20 | 5050g |
| Peasant | 19 | 1425 | / | 0 |
| Footman | 5 | 675 | / | 0 |
| Rifleman | 8 | 1640 | / | 240 |
| Priest | 7 | 945 | / | 70 |
| Dragonhawk Rider | 1 | 200 | / | 30 |
| Gryphon Rider | 2 | 560 | / | 140 |
| Flying Machine | 17 | 1700 | / | 510 |
| Goblin Shredder | 1 | 375 | / | 100 |
| Red Dragon | 3 | 2235 | / | 600 |
| total: | 63 | 9755g | / | 1690w |
| Scout Tower | 2 | 60 | / | 40 |
| Guard Tower | 2 | 140 | / | 100 |
| Altar of Kings | 1 | 180 | / | 50 |
| Barracks | 1 | 160 | / | 60 |
| Farm | 20 | 1600 | / | 400 |
| Town Hall | 7 | 2695 | / | 1435 |
| Lumber Mill | 2 | 240 | / | 0 |
| Blacksmith | 1 | 140 | / | 60 |
| Arcane Vault | 1 | 130 | / | 30 |
| Arcane Sanctum | 1 | 150 | / | 140 |
| Gryphon Aviary | 5 | 700 | / | 750 |
| Workshop | 4 | 560 | / | 560 |
| Keep | 1 | 320 | / | 210 |
| Castle | 1 | 360 | / | 210 |
| total: | 45 | 6615g | / | 3525w |
| 0:03 | Peasant |
| 0:03 | Peasant |
| 0:07 | Altar of Kings |
| 0:23 | Barracks |
| 0:28 | Peasant |
| 0:36 | Farm |
| 0:42 | Peasant |
| 0:50 | Farm |
| 0:52 | Peasant |
| 1:04 | Peasant |
| 1:25 | Footman |
| 1:36 | Farm |
| 1:37 | Peasant |
| 1:42 | Peasant |
| 1:44 | Footman |
| 1:53 | Peasant |
| 2:02 | Peasant |
| 2:11 | Summon Water Elemental |
| 2:14 | Footman |
| 2:22 | Peasant |
| 2:57 | Footman |
| 3:09 | Town Hall |
| 3:11 | Brilliance Aura |
| 3:39 | Peasant |
| 3:39 | Peasant |
| 4:01 | Lumber Mill |
| 4:07 | Blacksmith |
| 4:21 | Arcane Vault |
| 4:23 | Improved Lumber Harvesting |
| 4:35 | Farm |
| 4:38 | Summon Water Elemental |
| 4:41 | Footman |
| 5:04 | Goblin Shredder |
| 5:32 | Keep |
| 5:40 | Rifleman |
| 5:44 | Rifleman |
| 6:19 | Rifleman |
| 6:28 | Rifleman |
| 6:36 | Farm |
| 6:40 | Iron Forged Swords |
| 6:40 | Studded Leather Armor |
| 6:42 | Improved Masonry |
| 6:46 | Farm |
| 6:47 | Farm |
| 6:48 | Farm |
| 6:48 | Farm |
| 6:53 | Rifleman |
| 7:05 | Rifleman |
| 7:56 | Castle |
| 8:00 | Arcane Sanctum |
| 8:02 | Gryphon Aviary |
| 8:05 | Gryphon Aviary |
| 8:24 | Rifleman |
| 8:31 | Gryphon Aviary |
| 8:33 | Advanced Lumber Harvesting |
| 8:35 | Scroll of Regeneration |
| 8:40 | Scroll of Town Portal |
| 8:50 | Potion of Healing |
| 8:54 | Storm Bolt |
| 9:15 | Farm |
| 9:15 | Farm |
| 9:23 | Boots of Speed |
| 9:26 | Priest |
| 9:26 | Priest |
| 9:28 | Priest Adept Training |
| 9:41 | Black Gunpowder |
| 9:41 | Iron Plating |
| 10:01 | Brilliance Aura |
| 10:08 | Thunder Clap |
| 10:26 | Storm Hammers |
| 10:28 | Animal War Training |
| 10:31 | Cloud |
| 10:59 | Long Rifles |
| 11:14 | Holy Light |
| 11:16 | Staff of Sanctuary |
| 11:17 | Orb of Fire |
| 11:27 | Storm Bolt |
| 11:48 | Refined Gunpowder |
| 11:48 | Steel Forged Swords |
| 11:48 | Steel Plating |
| 11:49 | Reinforced Leather Armor |
| 11:53 | Farm |
| 12:01 | Rifleman |
| 12:05 | Lumber Mill |
| 12:28 | Divine Shield |
| 12:43 | Priest Master Training |
| 12:44 | Control Magic |
| 12:45 | Sorceress Adept Training |
| 12:46 | Advanced Masonry |
| 13:26 | Dragonhawk Rider |
| 13:30 | Priest |
| 13:31 | Priest |
| 13:37 | Workshop |
| 13:38 | Workshop |
| 13:39 | Workshop |
| 14:02 | Gryphon Rider |
| 15:25 | Scroll of Town Portal |
| 15:28 | Scroll of Healing |
| 15:34 | Flying Machine Bombs |
| 15:34 | Flak Cannons |
| 15:38 | Imbued Masonry |
| 15:44 | Gryphon Rider |
| 15:50 | Red Dragon |
| 16:50 | Scroll of Regeneration |
| 16:51 | Scroll of Town Portal |
| 16:54 | Staff of Sanctuary |
| 17:23 | Flying Machine |
| 17:31 | Summon Water Elemental |
| 17:41 | Holy Light |
| 17:59 | Farm |
| 18:01 | Mithril Forged Swords |
| 18:01 | Imbued Gunpowder |
| 18:01 | Dragonhide Armor |
| 18:02 | Mithril Plating |
| 18:17 | Town Hall |
| 18:55 | Thunder Clap |
| 19:08 | Priest |
| 19:09 | Priest |
| 19:28 | Flying Machine |
| 19:32 | Workshop |
| 20:57 | Flying Machine |
| 20:58 | Flying Machine |
| 21:01 | Scroll of Regeneration |
| 21:04 | Scroll of Town Portal |
| 21:10 | Staff of Sanctuary |
| 21:28 | Flying Machine |
| 21:47 | Peasant |
| 21:48 | Peasant |
| 21:48 | Peasant |
| 21:48 | Peasant |
| 21:53 | Peasant |
| 23:17 | Divine Shield |
| 23:21 | Town Hall |
| 23:44 | Scroll of Town Portal |
| 23:49 | Flying Machine |
| 24:02 | Priest |
| 24:36 | Flying Machine |
| 25:02 | Town Hall |
| 25:25 | Flying Machine |
| 26:27 | Mass Teleport |
| 26:32 | Storm Bolt |
| 26:40 | Flying Machine |
| 26:40 | Flying Machine |
| 27:02 | Holy Light |
| 27:14 | Town Hall |
| 27:42 | Red Dragon |
| 27:48 | Peasant |
| 28:05 | Scroll of Town Portal |
| 28:33 | Farm |
| 28:46 | Farm |
| 28:48 | Farm |
| 29:04 | Scout Tower |
| 29:05 | Scout Tower |
| 29:08 | Flying Machine |
| 29:15 | Scroll of Regeneration |
| 29:17 | Scroll of Town Portal |
| 29:33 | Guard Tower |
| 29:34 | Guard Tower |
| 30:04 | Flying Machine |
| 31:24 | Periapt of Vitality |
| 31:27 | Potion of Lesser Invulnerability |
| 31:48 | Farm |
| 31:52 | Farm |
| 31:56 | Farm |
| 31:58 | Farm |
| 32:23 | Flying Machine |
| 32:33 | Flying Machine |
| 32:37 | Gryphon Aviary |
| 32:38 | Town Hall |
| 32:51 | Red Dragon |
| 33:23 | Flying Machine |
| 33:23 | Flying Machine |
| 33:23 | Flying Machine |
| 35:30 | Brilliance Aura |
| 35:36 | Avatar |
| 35:48 | Resurrection |
| 36:20 | Gryphon Aviary |
| 36:23 | Town Hall |
| Select group | 1784 |
| Right click | 1549 |
| Select | 712 |
| Build/train/purchase | 234 |
| Use ability | 137 |
| Misc. action | 136 |
| Assign group | 90 |
| Chat | 44 |
| Esc | 17 |
| Minimap ping | 12 |
| Resource trade | 10 |
| Item give/drop | 9 |


| Moonstone | 1 | 50 |
| Staff of Preservation | 1 | 150 |
| Scroll of Town Portal | 9 | 3150 |
| Scroll of Protection | 1 | 150 |
| total: | 12 | 3500g |
| Wisp | 51 | 3060 | / | 0 |
| Archer | 62 | 8060 | / | 620 |
| Hippogryph | 21 | 3360 | / | 420 |
| total: | 134 | 14480g | / | 1040w |
| Ancient Protector | 8 | 1080 | / | 640 |
| Altar of Elders | 1 | 180 | / | 50 |
| Moon Well | 9 | 1620 | / | 360 |
| Ancient of War | 1 | 150 | / | 60 |
| Hunter's Hall | 1 | 210 | / | 100 |
| Tree of Life | 8 | 2720 | / | 1480 |
| Ancient of Wonders | 1 | 90 | / | 30 |
| Ancient of Wind | 2 | 300 | / | 280 |
| Ancient of Lore | 1 | 155 | / | 145 |
| Tree of Ages | 1 | 320 | / | 180 |
| Tree of Eternity | 1 | 330 | / | 200 |
| total: | 32 | 6505g | / | 3145w |
| 0:14 | Wisp |
| 0:14 | Wisp |
| 0:23 | Altar of Elders |
| 0:32 | Wisp |
| 0:39 | Moon Well |
| 0:44 | Moon Well |
| 0:45 | Wisp |
| 0:53 | Ancient of War |
| 0:58 | Wisp |
| 1:14 | Wisp |
| 1:42 | Wisp |
| 1:57 | Moon Well |
| 2:00 | Archer |
| 2:05 | Wisp |
| 2:23 | Archer |
| 2:33 | Entangling Roots |
| 2:49 | Archer |
| 3:06 | Hunter's Hall |
| 3:10 | Wisp |
| 3:16 | Wisp |
| 3:19 | Wisp |
| 3:21 | Archer |
| 3:37 | Archer |
| 4:33 | Moon Well |
| 4:39 | Moon Well |
| 4:51 | Thorns Aura |
| 5:02 | Strength of the Moon |
| 5:05 | Wisp |
| 6:26 | Tree of Life |
| 6:32 | Entangling Roots |
| 6:55 | Ancient of Wonders |
| 6:58 | Tree of Ages |
| 7:44 | Archer |
| 7:44 | Archer |
| 7:52 | Moon Well |
| 8:28 | Archer |
| 8:28 | Archer |
| 8:31 | Moon Armor |
| 8:53 | Archer |
| 8:53 | Archer |
| 9:11 | Archer |
| 9:22 | Moon Well |
| 9:26 | Moon Well |
| 9:29 | Moon Well |
| 9:45 | Archer |
| 10:18 | Moonstone |
| 10:39 | Trueshot Aura |
| 11:46 | Thorns Aura |
| 11:57 | Wisp |
| 11:58 | Wisp |
| 12:03 | Tree of Life |
| 12:08 | Tree of Life |
| 12:11 | Wisp |
| 12:12 | Wisp |
| 12:12 | Wisp |
| 12:12 | Wisp |
| 12:12 | Wisp |
| 12:19 | Improved Strength of the Moon |
| 12:24 | Improved Bows |
| 12:25 | Archer |
| 12:25 | Archer |
| 12:26 | Archer |
| 13:49 | Searing Arrows |
| 14:38 | Archer |
| 14:38 | Archer |
| 14:38 | Archer |
| 14:38 | Archer |
| 14:48 | Tree of Life |
| 15:24 | Scroll of Town Portal |
| 15:32 | Archer |
| 15:32 | Archer |
| 15:37 | Improved Moon Armor |
| 15:57 | Wisp |
| 15:58 | Wisp |
| 15:58 | Wisp |
| 15:58 | Wisp |
| 15:58 | Wisp |
| 16:01 | Wisp |
| 17:04 | Archer |
| 17:04 | Archer |
| 17:11 | Wisp |
| 17:11 | Wisp |
| 17:24 | Staff of Preservation |
| 17:42 | Scroll of Town Portal |
| 17:49 | Scroll of Town Portal |
| 18:50 | Archer |
| 18:50 | Archer |
| 18:50 | Archer |
| 18:50 | Archer |
| 18:59 | Ancient of Wind |
| 19:08 | Ancient of Lore |
| 19:13 | Tree of Eternity |
| 19:23 | Wisp |
| 19:24 | Wisp |
| 19:24 | Wisp |
| 19:24 | Wisp |
| 19:29 | Wisp |
| 19:30 | Wisp |
| 19:30 | Wisp |
| 19:30 | Wisp |
| 19:30 | Wisp |
| 19:34 | Wisp |
| 19:34 | Wisp |
| 19:34 | Wisp |
| 19:34 | Wisp |
| 19:41 | Archer |
| 19:41 | Archer |
| 19:50 | Ultravision |
| 20:12 | Hippogryph |
| 20:19 | Hippogryph |
| 20:26 | Ancient of Wind |
| 20:59 | Hippogryph |
| 21:08 | Scroll of Town Portal |
| 21:41 | Hippogryph |
| 21:42 | Hippogryph |
| 21:42 | Hippogryph |
| 22:01 | Scroll of Town Portal |
| 22:22 | Archer |
| 22:22 | Archer |
| 22:22 | Archer |
| 22:23 | Archer |
| 22:26 | Hippogryph |
| 22:26 | Hippogryph |
| 22:26 | Hippogryph |
| 22:28 | Hippogryph |
| 22:28 | Hippogryph |
| 22:28 | Hippogryph |
| 22:28 | Hippogryph |
| 22:28 | Hippogryph |
| 22:31 | Advanced Strength of the Moon |
| 22:34 | Advanced Moon Armor |
| 23:23 | Archer |
| 23:23 | Archer |
| 23:24 | Archer |
| 23:25 | Archer |
| 23:25 | Archer |
| 23:25 | Archer |
| 23:25 | Archer |
| 23:50 | Trueshot Aura |
| 24:05 | Hippogryph |
| 24:05 | Hippogryph |
| 24:05 | Hippogryph |
| 24:09 | Archer |
| 24:09 | Archer |
| 24:10 | Archer |
| 24:14 | Marksmanship |
| 24:17 | Archer |
| 24:17 | Archer |
| 24:17 | Archer |
| 24:17 | Archer |
| 24:17 | Archer |
| 24:35 | Entangling Roots |
| 24:37 | Scroll of Town Portal |
| 26:04 | Scroll of Town Portal |
| 26:13 | Scroll of Protection |
| 27:22 | Archer |
| 27:22 | Archer |
| 27:23 | Archer |
| 27:23 | Archer |
| 28:14 | Scroll of Town Portal |
| 29:45 | Hippogryph |
| 29:45 | Hippogryph |
| 29:46 | Hippogryph |
| 29:46 | Hippogryph |
| 29:48 | Archer |
| 29:48 | Archer |
| 29:49 | Archer |
| 29:49 | Archer |
| 29:49 | Archer |
| 29:49 | Archer |
| 29:49 | Archer |
| 33:13 | Tree of Life |
| 33:20 | Ancient Protector |
| 33:21 | Ancient Protector |
| 34:03 | Ancient Protector |
| 34:05 | Ancient Protector |
| 34:06 | Ancient Protector |
| 34:08 | Ancient Protector |
| 34:14 | Wisp |
| 34:14 | Wisp |
| 34:14 | Wisp |
| 34:14 | Wisp |
| 34:31 | Ancient Protector |
| 34:31 | Ancient Protector |
| 35:06 | Tranquility |
| 35:11 | Searing Arrows |
| 35:50 | Trueshot Aura |
| 36:17 | Tree of Life |
| 36:22 | Tree of Life |
| 36:25 | Tree of Life |
| 36:34 | Wisp |
| 36:34 | Wisp |
| 36:34 | Wisp |
| 36:34 | Wisp |
| 36:34 | Wisp |
| 36:34 | Wisp |
| 36:34 | Wisp |
| 37:00 | Scroll of Town Portal |
| 37:26 | Archer |
| 37:27 | Archer |
| Right click | 983 |
| Select group | 778 |
| Select | 508 |
| Misc. action | 218 |
| Build/train/purchase | 189 |
| Assign group | 63 |
| Resource trade | 39 |
| Use ability | 25 |
| Remove unit | 7 |
| Item give/drop | 5 |



| Rod of Necromancy | 2 | 300 |
| Sacrificial Skull | 1 | 50 |
| Orb of Corruption | 1 | 375 |
| Scroll of Town Portal | 4 | 1400 |
| Scroll of Healing | 3 | 750 |
| Potion of Lesser Invulnerability | 4 | 600 |
| Scroll of Protection | 2 | 300 |
| Staff of Teleportation | 1 | 150 |
| Scroll of Speed | 1 | 50 |
| total: | 19 | 3975g |
| Acolyte | 15 | 1125 | / | 0 |
| Ghoul | 4 | 480 | / | 0 |
| Crypt Fiend | 11 | 2365 | / | 440 |
| Obsidian Statue | 9 | 1800 | / | 315 |
| Abomination | 1 | 240 | / | 70 |
| Frost Wyrm | 6 | 2310 | / | 720 |
| Red Dragon | 7 | 5215 | / | 1400 |
| total: | 53 | 13535g | / | 2945w |
| Nerubian Tower | 4 | 400 | / | 80 |
| Spirit Tower | 3 | 435 | / | 120 |
| Graveyard | 2 | 430 | / | 0 |
| Crypt | 1 | 200 | / | 50 |
| Altar of Darkness | 1 | 180 | / | 50 |
| Ziggurat | 11 | 1650 | / | 550 |
| Tomb of Relics | 1 | 130 | / | 30 |
| Necropolis | 3 | 675 | / | 0 |
| Slaughterhouse | 1 | 140 | / | 135 |
| Boneyard | 1 | 175 | / | 200 |
| Halls of the Dead | 2 | 640 | / | 420 |
| Black Citadel | 2 | 650 | / | 460 |
| total: | 21 | 3580g | / | 1015w |
| 0:03 | Acolyte |
| 0:06 | Graveyard |
| 0:13 | Crypt |
| 0:20 | Acolyte |
| 0:43 | Altar of Darkness |
| 0:58 | Ziggurat |
| 1:14 | Ghoul |
| 1:29 | Tomb of Relics |
| 1:48 | Crypt Fiend |
| 2:02 | Ziggurat |
| 2:21 | Crypt Fiend |
| 2:21 | Crypt Fiend |
| 2:31 | Nerubian Tower |
| 2:45 | Death Coil |
| 2:47 | Rod of Necromancy |
| 2:47 | Rod of Necromancy |
| 3:01 | Ghoul |
| 3:19 | Crypt Fiend |
| 3:23 | Sacrificial Skull |
| 3:51 | Acolyte |
| 4:11 | Unholy Aura |
| 4:15 | Halls of the Dead |
| 4:39 | Ziggurat |
| 4:54 | Crypt Fiend |
| 4:57 | Death Coil |
| 5:09 | Ziggurat |
| 5:29 | Nerubian Tower |
| 5:31 | Ghoul |
| 5:45 | Ghoul |
| 5:51 | Ziggurat |
| 6:22 | Ziggurat |
| 6:29 | Crypt Fiend |
| 6:41 | Acolyte |
| 6:59 | Acolyte |
| 7:00 | Acolyte |
| 7:15 | Acolyte |
| 7:16 | Acolyte |
| 7:40 | Unholy Aura |
| 7:45 | Black Citadel |
| 7:46 | Slaughterhouse |
| 7:47 | Frost Nova |
| 8:00 | Graveyard |
| 9:08 | Crypt Fiend |
| 9:08 | Obsidian Statue |
| 9:42 | Crypt Fiend |
| 9:43 | Obsidian Statue |
| 9:59 | Obsidian Statue |
| 10:14 | Boneyard |
| 10:15 | Crypt Fiend |
| 10:18 | Silence |
| 10:21 | Destroyer Form |
| 10:29 | Potion of Lesser Invulnerability |
| 10:41 | Orb of Corruption |
| 10:55 | Abomination |
| 10:55 | Creature Attack |
| 11:14 | Frost Armor |
| 11:30 | Frost Wyrm |
| 11:31 | Crypt Fiend |
| 11:31 | Obsidian Statue |
| 11:36 | Acolyte |
| 11:50 | Necropolis |
| 11:54 | Creature Carapace |
| 12:32 | Black Arrow |
| 12:43 | Necropolis |
| 12:47 | Web |
| 13:33 | Frost Wyrm |
| 13:36 | Improved Creature Attack |
| 13:37 | Improved Creature Carapace |
| 13:38 | Spirit Tower |
| 14:30 | Frost Wyrm |
| 14:34 | Obsidian Statue |
| 14:37 | Acolyte |
| 15:12 | Acolyte |
| 15:12 | Acolyte |
| 15:13 | Ziggurat |
| 15:15 | Ziggurat |
| 15:18 | Acolyte |
| 15:43 | Red Dragon |
| 15:43 | Red Dragon |
| 15:43 | Red Dragon |
| 15:43 | Red Dragon |
| 15:43 | Red Dragon |
| 15:43 | Red Dragon |
| 15:43 | Red Dragon |
| 15:52 | Acolyte |
| 16:50 | Obsidian Statue |
| 17:16 | Frost Nova |
| 17:20 | Advanced Creature Attack |
| 17:20 | Advanced Creature Carapace |
| 17:34 | Death Coil |
| 17:39 | Black Arrow |
| 17:43 | Scroll of Town Portal |
| 17:43 | Potion of Lesser Invulnerability |
| 17:44 | Scroll of Healing |
| 17:44 | Scroll of Protection |
| 17:45 | Scroll of Healing |
| 18:53 | Necropolis |
| 18:56 | Obsidian Statue |
| 18:58 | Frost Wyrm |
| 19:33 | Dark Ritual |
| 19:39 | Silence |
| 19:44 | Frost Wyrm |
| 20:50 | Unholy Aura |
| 21:23 | Obsidian Statue |
| 21:24 | Frost Wyrm |
| 21:25 | Crypt Fiend |
| 21:38 | Scroll of Town Portal |
| 22:50 | Frost Nova |
| 23:09 | Ziggurat |
| 23:10 | Ziggurat |
| 23:24 | Ziggurat |
| 24:17 | Obsidian Statue |
| 24:22 | Black Arrow |
| 24:55 | Acolyte |
| 25:24 | Scroll of Town Portal |
| 25:29 | Potion of Lesser Invulnerability |
| 25:29 | Scroll of Healing |
| 25:29 | Scroll of Protection |
| 26:50 | Scroll of Speed |
| 27:43 | Death and Decay |
| 27:47 | Charm |
| 28:06 | Scroll of Town Portal |
| 28:07 | Potion of Lesser Invulnerability |
| 28:47 | Animate Dead |
| 35:48 | Silence |
| 36:55 | Staff of Teleportation |
| Select group | 4704 |
| Right click | 4122 |
| Select | 2434 |
| Misc. action | 294 |
| Build/train/purchase | 225 |
| Use ability | 214 |
| Assign group | 61 |
| Minimap ping | 16 |
| Resource trade | 11 |
| Esc | 9 |
| Item give/drop | 7 |

| Healing Salve | 2 | 200 |
| Scroll of Speed | 1 | 50 |
| Scroll of Town Portal | 1 | 350 |
| total: | 4 | 600g |
| Peon | 20 | 1500 | / | 0 |
| Troll Batrider | 38 | 6080 | / | 1520 |
| total: | 58 | 7580g | / | 1520w |
| Watch Tower | 3 | 330 | / | 240 |
| Orc Burrow | 5 | 800 | / | 200 |
| Altar of Storms | 2 | 360 | / | 100 |
| War Mill | 2 | 410 | / | 0 |
| Voodoo Lounge | 2 | 260 | / | 60 |
| Great Hall | 4 | 1540 | / | 740 |
| Beastiary | 4 | 580 | / | 560 |
| Stronghold | 2 | 630 | / | 380 |
| Fortress | 1 | 325 | / | 190 |
| total: | 22 | 4280g | / | 1900w |
| 0:04 | Peon |
| 0:04 | Peon |
| 0:05 | Peon |
| 0:40 | Orc Burrow |
| 0:45 | Altar of Storms |
| 0:50 | Peon |
| 0:50 | Peon |
| 0:51 | Peon |
| 1:05 | Peon |
| 1:09 | War Mill |
| 1:16 | Peon |
| 1:16 | Peon |
| 1:21 | Peon |
| 1:46 | Peon |
| 1:46 | Peon |
| 2:11 | Peon |
| 2:38 | Stronghold |
| 2:44 | Orc Burrow |
| 2:49 | Orc Burrow |
| 3:04 | Shockwave |
| 3:14 | Steel Ranged Weapons |
| 3:18 | Orc Burrow |
| 4:31 | Voodoo Lounge |
| 5:01 | Beastiary |
| 5:15 | Beastiary |
| 5:20 | Beastiary |
| 5:38 | Fortress |
| 5:40 | Healing Salve |
| 5:40 | Healing Salve |
| 5:41 | Scroll of Speed |
| 5:42 | Scroll of Town Portal |
| 6:22 | Great Hall |
| 6:31 | Orc Burrow |
| 6:40 | Troll Batrider |
| 6:41 | Troll Batrider |
| 6:58 | Thorium Ranged Weapons |
| 7:14 | Troll Batrider |
| 8:41 | Liquid Fire |
| 8:42 | Troll Batrider |
| 8:42 | Troll Batrider |
| 8:50 | Peon |
| 8:50 | Peon |
| 8:54 | Peon |
| 8:54 | Peon |
| 9:10 | Troll Batrider |
| 9:32 | Beastiary |
| 9:48 | Arcanite Ranged Weapons |
| 9:54 | Troll Batrider |
| 10:48 | Troll Batrider |
| 10:48 | Troll Batrider |
| 10:48 | Troll Batrider |
| 11:00 | Endurance Aura |
| 11:11 | Troll Batrider |
| 11:33 | Troll Batrider |
| 11:33 | Troll Batrider |
| 11:48 | Peon |
| 12:01 | Troll Batrider |
| 12:01 | Troll Batrider |
| 12:25 | Troll Batrider |
| 12:26 | Troll Batrider |
| 12:28 | Reinforced Defenses |
| 12:54 | Troll Batrider |
| 12:54 | Troll Batrider |
| 15:40 | Troll Batrider |
| 15:40 | Troll Batrider |
| 15:40 | Troll Batrider |
| 15:40 | Troll Batrider |
| 15:43 | Spiked Barricades |
| 15:59 | Endurance Aura |
| 16:24 | Troll Batrider |
| 16:35 | Troll Batrider |
| 17:04 | Troll Batrider |
| 17:31 | Troll Batrider |
| 17:31 | Troll Batrider |
| 20:07 | Troll Batrider |
| 20:07 | Troll Batrider |
| 21:18 | Troll Batrider |
| 21:18 | Troll Batrider |
| 21:18 | Troll Batrider |
| 24:37 | Troll Batrider |
| 24:37 | Troll Batrider |
| 24:37 | Troll Batrider |
| 25:56 | Troll Batrider |
| 26:23 | Troll Batrider |
| 27:43 | Great Hall |
| 28:02 | War Mill |
| 28:10 | Voodoo Lounge |
| 30:06 | Watch Tower |
| 30:32 | Stronghold |
| 31:13 | Altar of Storms |
| 31:22 | Steel Armor |
| 33:08 | Great Hall |
| 34:41 | Great Hall |
| 37:14 | Watch Tower |
| 37:25 | Watch Tower |
| 37:44 | Peon |
| 37:44 | Peon |
| Right click | 414 |
| Chat | 357 |
| Select | 335 |
| Select group | 150 |
| Build/train/purchase | 81 |
| Use ability | 61 |
| Minimap ping | 60 |
| Assign group | 21 |
| Remove unit | 5 |
| Resource trade | 5 |
| Misc. action | 1 |
| Item give/drop | 1 |
⇛